 Dungeon Crawl Stone Soup version 0.30-a0-55-g90e3122c3a (webtiles) character file.

Game seed: 1960084714788491372

87 AarnesTheHuman the Trooper (level 4, 0/52 HPs)
             Began as an Ogre Gladiator on Sept 9, 2022.
             Slain by a gnoll
             ... wielding a +0 spear
              (7 damage)
             ... on level 2 of the Dungeon.
             The game lasted 00:03:31 (2750 turns).

AarnesTheHuman the Trooper (Ogre Gladiator)         Turns: 2750, Time: 00:03:32

Health: 0/52       AC:  3    Str: 20    XL:     4   Next: 51%
Magic:  4/4        EV: 10    Int:  9    God:
Gold:   96         SH:  0    Dex: 10    Spells: 3/3 levels left

rFire   . . .      SeeInvis .    a - +0 mace (holy)
rCold   . . .      Faith    .    (no shield)
rNeg    . . .      Spirit   .    b - +0 robe
rPois   .          Reflect  .    c - +0 hat
rElec   .          Harm     .    (no cloak)
rCorr   .          Rampage  .    (gloves unavailable)
Will    .....                    (boots unavailable)
Stlth   +.........               (no amulet)
HPRegen 0.17/turn                (no ring)
MPRegen 0.09/turn                (no ring)

@: no status effects
A: large, unfitting armour, tough skin 1
a: no special abilities


You were on level 2 of the Dungeon.
You visited 1 branch of the dungeon, and saw 3 of its levels.

You collected 96 gold pieces.

Inventory:

Hand Weapons
 a - a +0 mace of holy wrath (weapon)
 p - a +0 flail
Missiles
 d - 4 throwing nets
 e - a large rock
 g - 45 stones
 n - 4 boomerangs (quivered)
Armour
 b - a +0 robe (worn)
 c - a +0 hat (worn)
Magical Staves
 j - a staff of fire
Jewellery
 r - a ring of ice
Scrolls
 f - a scroll of amnesia {unknown}
 h - a scroll of identify {unknown}
 i - a scroll of fog {unknown}
 l - a scroll of blinking {unknown}
 o - 4 scrolls of enchant weapon {unknown}
 q - a scroll of teleportation {unknown}
 s - 3 scrolls of immolation {unknown}
Potions
 k - a potion of curing {unknown}
 m - a potion of attraction {unknown}


   Skills:
 + Level 5.6 Fighting
 + Level 3.1 Maces & Flails
 - Level 2.0 Throwing
 - Level 2.6 Dodging


You had 3 spell levels left.
You didn't know any spells.
Your spell library contained the following spells:

 Spells                   Type           Power      Damage    Failure   Level
 Gell's Gravitas          Tloc           0%         N/A       77%         3
 Lesser Beckoning         Tloc           0%         N/A       77%         3
 Teleport Other           Tloc           0%         N/A       77%         3


Dungeon Overview and Level Annotations

Branches:
Dungeon (3/15)

Altars:


Innate Abilities, Weirdness & Mutations

You are too large for most types of armour.
You have tough skin. (AC +1)


Message History

A gnoll is nearby!
You hit the gnoll.
The gnoll is moderately wounded.
The gnoll hits you with a +0 halberd!
You closely miss the gnoll.
The gnoll is moderately wounded.
The gnoll misses you.
You hit the gnoll.
The gnoll is moderately wounded.
The gnoll closely misses you. The gnoll barely misses you.
You closely miss the gnoll.
The gnoll is moderately wounded.
The gnoll hits you with a +0 halberd.
You hit the gnoll but do no damage.
The gnoll is moderately wounded.
The gnoll closely misses you.
You completely miss the gnoll.
The gnoll is moderately wounded.
The gnoll hits you with a +0 halberd.
You hit the gnoll but do no damage.
The gnoll is moderately wounded.
The gnoll hits you with a +0 halberd!
You hit the gnoll.
The gnoll is severely wounded.
The gnoll hits you with a +0 halberd!
* * * LOW HITPOINT WARNING * * *
The gnoll barely misses you.
You closely miss the gnoll.
The gnoll is severely wounded.
The gnoll barely misses you.
You hit the gnoll.
You kill the gnoll!
You barely miss the gnoll. The gnoll hits you but does no damage.
You closely miss the gnoll. The gnoll hits you with a +0 spear.
* * * LOW HITPOINT WARNING * * *
The gnoll barely misses you.
The gnoll hits you from afar with a +0 spear.
* * * LOW HITPOINT WARNING * * *
The gnoll hits you from afar with a +0 spear!
You die...

.... ..# ##.#....######### .#..
#.# #.###...........# ####
.#####.# ##.#....##.##.#.# #...
.....K.# ##.######.##.#.###.##
##...### #.# #.##.......# #.g.#
#.# #.####.###.## #...# #g###
#.####.# #... #...####### #...#
#......# ##.. #.K.......#
###@##############..
##...#####.###............#......
............#.#..###......#.###.#
..............##.#........#.###.#
.............#.....#.....<#.##...
##...#####..###..###......#.##.##
#.........# #........#####.##.##
#...###########.......# ##......
##...# #...#######.# #.....##


You could see a gnoll.

Vanquished Creatures
  3 gnolls
  A dart slug (D:1)
  6 ball pythons
  8 bats
  6 endoplasms (D:1)
  A giant cockroach (D:1)
  3 goblins
  7 hobgoblins
  3 jackals
  6 kobolds
  3 frilled lizards
  5 rats
52 creatures vanquished.

Notes
Turn   | Place    | Note
-------+----------+-------------------------------------------
     0 | D:1      | AarnesTheHuman the Ogre Gladiator began the quest for the
                  | Orb.
     0 | D:1      | Reached XP level 1. HP: 22/22 MP: 1/1
    95 | D:1      | Reached skill level 3 in Fighting
   246 | D:1      | Reached XP level 2. HP: 31/31 MP: 2/2
   395 | D:1      | Reached skill level 4 in Fighting
   667 | D:1      | Reached XP level 3. HP: 40/40 MP: 3/3
  1036 | D:1      | Reached skill level 5 in Fighting
  1952 | D:2      | Reached XP level 4. HP: 50/50 MP: 4/4
  2220 | D:2      | Found a faded altar of an unknown god.
  2750 | D:2      | Slain by a gnoll

Illustrated notes

Levels and vault maps discovered:
D:1:      dpeg_arrival_rooms_b, layout_loops_corners, serial_park_tiny_pond,
          minmay_close_crescents
D:2:      layout_loops_cross, hellmonk_ecumenical_altar_dog_temple,
          nicolae_elevator_lobby_asterisk
D:3:      layout_basic, dreamdust_princess_bridge

Skill      XL: |  1  2  3  4 |
---------------+-------------+-----
Fighting       | 3 4 5 |  5.6
Maces & Flails | 3 |  3.1
Throwing       | |  2.0
Dodging        | |  2.6

Action                   |  1- 3 |  4- 6 || total
-------------------------+-------+-------++-------
Melee: Flail             |    86 |       ||    86
       Mace              |    23 |    40 ||    63
Throw: Boomerang         |       |     4 ||     4
 Stab: Sleeping          |     1 |       ||     1
Armor: Robe              |    56 |    15 ||    71
Dodge: Dodged            |    83 |    32 ||   115

Table legend: (Time is in decaauts)
 A = Elapsed time spent in this place.
 B = Non-inter-level travel time spent in this place.
 C = Inter-level travel time spent in this place.
 D = Time resting spent in this place.
 E = Time spent auto-exploring this place.
 F = Levels seen in this place.
 G = Mean time per level.
                   A        B        C        D        E       F      G
               +--------+--------+--------+--------+--------+-----+--------+
         Total |   2793 |   2701 |     92 |    553 |   1672 |   3 |  931.0 |
       Dungeon |   2793 |   2701 |     92 |    553 |   1672 |   3 |  931.0 |
               +--------+--------+--------+--------+--------+-----+--------+

Top non-repeatable levels by time:
     D:1: 1693 daAuts
     D:2: 714 daAuts
     D:3: 384 daAuts
